AoeStats
← TheLastAirbender

Arabia

503321857Analyzed
1v1 RM · 1mo ago on Aug 31, 2026· 23m 2s· 2 players
Game mode
Random Map
Map size
Tiny (2 player)
Population
200
Speed
Normal
Resources
Standard
Victory
Conquest
Starting age
Dark Age
Ending age
Imperial Age
RankedLock teamsTeams togetherTeam positionsShared explorationLock speedFull tech treeHidden civsTurbo modeCheats
Victory
Defeat
🇺🇸 Ethiopians · United States
1027
+15
🇨🇴 Sicilians · Colombia
996
-15
Muchachin
4:58 Loom
18:42 Feudal Age
19:16 Double-Bit Axe
19:54 Horse Collar
24:22 Castle Age
TheLastAirbender
10:07 Feudal Age
10:55 Double-Bit Axe
11:25 Loom
18:56 Castle Age
17:25 Fletching
18:12 Padded Archer Armor
19:09 Crossbowman
Connection lost

Rejoining the realm…

Still unreachable

The connection could not be restored.

Session expired

The server has moved on; the page needs a fresh start.